%YAML 1.1
%TAG !u! tag:unity3d.com,2011:
--- !u!1 &5118033948504426939
GameObject:
  m_ObjectHideFlags: 0
  m_CorrespondingSourceObject: {fileID: 0}
  m_PrefabInstance: {fileID: 0}
  m_PrefabAsset: {fileID: 0}
  serializedVersion: 6
  m_Component:
  - component: {fileID: 5118033948504426938}
  m_Layer: 0
  m_Name: Contain
  m_TagString: Untagged
  m_Icon: {fileID: 0}
  m_NavMeshLayer: 0
  m_StaticEditorFlags: 0
  m_IsActive: 1
--- !u!4 &5118033948504426938
Transform:
  m_ObjectHideFlags: 0
  m_CorrespondingSourceObject: {fileID: 0}
  m_PrefabInstance: {fileID: 0}
  m_PrefabAsset: {fileID: 0}
  m_GameObject: {fileID: 5118033948504426939}
  m_LocalRotation: {x: 0, y: 0, z: 0, w: 1}
  m_LocalPosition: {x: 0, y: 0, z: 0}
  m_LocalScale: {x: 1, y: 1, z: 1}
  m_ConstrainProportionsScale: 0
  m_Children:
  - {fileID: 984073425551514378}
  - {fileID: 1949435154534768223}
  - {fileID: 1949435154469653910}
  - {fileID: 894689946029079383}
  - {fileID: 894689946429651771}
  - {fileID: 894689948086507625}
  - {fileID: 894689946825214961}
  - {fileID: 894689946588433787}
  - {fileID: 894689947307930154}
  m_Father: {fileID: 5118033948594382436}
  m_RootOrder: 0
  m_LocalEulerAnglesHint: {x: 0, y: 0, z: 0}
--- !u!1 &5118033948594382437
GameObject:
  m_ObjectHideFlags: 0
  m_CorrespondingSourceObject: {fileID: 0}
  m_PrefabInstance: {fileID: 0}
  m_PrefabAsset: {fileID: 0}
  serializedVersion: 6
  m_Component:
  - component: {fileID: 5118033948594382436}
  - component: {fileID: 6956417027139494793}
  m_Layer: 0
  m_Name: FireBallTall3
  m_TagString: Untagged
  m_Icon: {fileID: 0}
  m_NavMeshLayer: 0
  m_StaticEditorFlags: 0
  m_IsActive: 1
--- !u!4 &5118033948594382436
Transform:
  m_ObjectHideFlags: 0
  m_CorrespondingSourceObject: {fileID: 0}
  m_PrefabInstance: {fileID: 0}
  m_PrefabAsset: {fileID: 0}
  m_GameObject: {fileID: 5118033948594382437}
  m_LocalRotation: {x: 0, y: 0, z: 0, w: 1}
  m_LocalPosition: {x: 0, y: 0.69000006, z: -3.03}
  m_LocalScale: {x: 0.75, y: 0.75, z: 0.75}
  m_ConstrainProportionsScale: 0
  m_Children:
  - {fileID: 5118033948504426938}
  m_Father: {fileID: 0}
  m_RootOrder: 0
  m_LocalEulerAnglesHint: {x: 0, y: 0, z: 0}
--- !u!114 &6956417027139494793
MonoBehaviour:
  m_ObjectHideFlags: 0
  m_CorrespondingSourceObject: {fileID: 0}
  m_PrefabInstance: {fileID: 0}
  m_PrefabAsset: {fileID: 0}
  m_GameObject: {fileID: 5118033948594382437}
  m_Enabled: 1
  m_EditorHideFlags: 0
  m_Script: {fileID: 11500000, guid: fb5dd0a0a27cc574caacb1bc76a50b68, type: 3}
  m_Name: 
  m_EditorClassIdentifier: 
  containTrans: {fileID: 5118033948504426938}
  speed: 5
  rotateSpeed: 5
--- !u!1001 &5118033946565498835
PrefabInstance:
  m_ObjectHideFlags: 0
  serializedVersion: 2
  m_Modification:
    m_TransformParent: {fileID: 5118033948504426938}
    m_Modifications:
    - target: {fileID: 2783750884380626790, guid: d48e13eee82c48641a3c36ccd9827204, type: 3}
      propertyPath: m_Name
      value: FireBall (2)
      objectReference: {fileID: 0}
    - target: {fileID: 6632430282932738629, guid: d48e13eee82c48641a3c36ccd9827204, type: 3}
      propertyPath: m_RootOrder
      value: 2
      objectReference: {fileID: 0}
    - target: {fileID: 6632430282932738629, guid: d48e13eee82c48641a3c36ccd9827204, type: 3}
      propertyPath: m_LocalPosition.x
      value: -1.4
      objectReference: {fileID: 0}
    - target: {fileID: 6632430282932738629, guid: d48e13eee82c48641a3c36ccd9827204, type: 3}
      propertyPath: m_LocalPosition.y
      value: 0
      objectReference: {fileID: 0}
    - target: {fileID: 6632430282932738629, guid: d48e13eee82c48641a3c36ccd9827204, type: 3}
      propertyPath: m_LocalPosition.z
      value: 0
      objectReference: {fileID: 0}
    - target: {fileID: 6632430282932738629, guid: d48e13eee82c48641a3c36ccd9827204, type: 3}
      propertyPath: m_LocalRotation.w
      value: 1
      objectReference: {fileID: 0}
    - target: {fileID: 6632430282932738629, guid: d48e13eee82c48641a3c36ccd9827204, type: 3}
      propertyPath: m_LocalRotation.x
      value: -0
      objectReference: {fileID: 0}
    - target: {fileID: 6632430282932738629, guid: d48e13eee82c48641a3c36ccd9827204, type: 3}
      propertyPath: m_LocalRotation.y
      value: -0
      objectReference: {fileID: 0}
    - target: {fileID: 6632430282932738629, guid: d48e13eee82c48641a3c36ccd9827204, type: 3}
      propertyPath: m_LocalRotation.z
      value: -0
      objectReference: {fileID: 0}
    - target: {fileID: 6632430282932738629, guid: d48e13eee82c48641a3c36ccd9827204, type: 3}
      propertyPath: m_LocalEulerAnglesHint.x
      value: 0
      objectReference: {fileID: 0}
    - target: {fileID: 6632430282932738629, guid: d48e13eee82c48641a3c36ccd9827204, type: 3}
      propertyPath: m_LocalEulerAnglesHint.y
      value: 0
      objectReference: {fileID: 0}
    - target: {fileID: 6632430282932738629, guid: d48e13eee82c48641a3c36ccd9827204, type: 3}
      propertyPath: m_LocalEulerAnglesHint.z
      value: 0
      objectReference: {fileID: 0}
    m_RemovedComponents: []
  m_SourcePrefab: {fileID: 100100000, guid: d48e13eee82c48641a3c36ccd9827204, type: 3}
--- !u!4 &1949435154469653910 stripped
Transform:
  m_CorrespondingSourceObject: {fileID: 6632430282932738629, guid: d48e13eee82c48641a3c36ccd9827204, type: 3}
  m_PrefabInstance: {fileID: 5118033946565498835}
  m_PrefabAsset: {fileID: 0}
--- !u!1001 &5118033946626212890
PrefabInstance:
  m_ObjectHideFlags: 0
  serializedVersion: 2
  m_Modification:
    m_TransformParent: {fileID: 5118033948504426938}
    m_Modifications:
    - target: {fileID: 2783750884380626790, guid: d48e13eee82c48641a3c36ccd9827204, type: 3}
      propertyPath: m_Name
      value: FireBall (1)
      objectReference: {fileID: 0}
    - target: {fileID: 6632430282932738629, guid: d48e13eee82c48641a3c36ccd9827204, type: 3}
      propertyPath: m_RootOrder
      value: 1
      objectReference: {fileID: 0}
    - target: {fileID: 6632430282932738629, guid: d48e13eee82c48641a3c36ccd9827204, type: 3}
      propertyPath: m_LocalPosition.x
      value: 1.4
      objectReference: {fileID: 0}
    - target: {fileID: 6632430282932738629, guid: d48e13eee82c48641a3c36ccd9827204, type: 3}
      propertyPath: m_LocalPosition.y
      value: 0
      objectReference: {fileID: 0}
    - target: {fileID: 6632430282932738629, guid: d48e13eee82c48641a3c36ccd9827204, type: 3}
      propertyPath: m_LocalPosition.z
      value: 0
      objectReference: {fileID: 0}
    - target: {fileID: 6632430282932738629, guid: d48e13eee82c48641a3c36ccd9827204, type: 3}
      propertyPath: m_LocalRotation.w
      value: 1
      objectReference: {fileID: 0}
    - target: {fileID: 6632430282932738629, guid: d48e13eee82c48641a3c36ccd9827204, type: 3}
      propertyPath: m_LocalRotation.x
      value: -0
      objectReference: {fileID: 0}
    - target: {fileID: 6632430282932738629, guid: d48e13eee82c48641a3c36ccd9827204, type: 3}
      propertyPath: m_LocalRotation.y
      value: -0
      objectReference: {fileID: 0}
    - target: {fileID: 6632430282932738629, guid: d48e13eee82c48641a3c36ccd9827204, type: 3}
      propertyPath: m_LocalRotation.z
      value: -0
      objectReference: {fileID: 0}
    - target: {fileID: 6632430282932738629, guid: d48e13eee82c48641a3c36ccd9827204, type: 3}
      propertyPath: m_LocalEulerAnglesHint.x
      value: 0
      objectReference: {fileID: 0}
    - target: {fileID: 6632430282932738629, guid: d48e13eee82c48641a3c36ccd9827204, type: 3}
      propertyPath: m_LocalEulerAnglesHint.y
      value: 0
      objectReference: {fileID: 0}
    - target: {fileID: 6632430282932738629, guid: d48e13eee82c48641a3c36ccd9827204, type: 3}
      propertyPath: m_LocalEulerAnglesHint.z
      value: 0
      objectReference: {fileID: 0}
    m_RemovedComponents: []
  m_SourcePrefab: {fileID: 100100000, guid: d48e13eee82c48641a3c36ccd9827204, type: 3}
--- !u!4 &1949435154534768223 stripped
Transform:
  m_CorrespondingSourceObject: {fileID: 6632430282932738629, guid: d48e13eee82c48641a3c36ccd9827204, type: 3}
  m_PrefabInstance: {fileID: 5118033946626212890}
  m_PrefabAsset: {fileID: 0}
--- !u!1001 &5792108471610058863
PrefabInstance:
  m_ObjectHideFlags: 0
  serializedVersion: 2
  m_Modification:
    m_TransformParent: {fileID: 5118033948504426938}
    m_Modifications:
    - target: {fileID: 2783750884380626790, guid: d48e13eee82c48641a3c36ccd9827204, type: 3}
      propertyPath: m_Name
      value: FireBall (8)
      objectReference: {fileID: 0}
    - target: {fileID: 6632430282932738629, guid: d48e13eee82c48641a3c36ccd9827204, type: 3}
      propertyPath: m_RootOrder
      value: 8
      objectReference: {fileID: 0}
    - target: {fileID: 6632430282932738629, guid: d48e13eee82c48641a3c36ccd9827204, type: 3}
      propertyPath: m_LocalPosition.x
      value: 0
      objectReference: {fileID: 0}
    - target: {fileID: 6632430282932738629, guid: d48e13eee82c48641a3c36ccd9827204, type: 3}
      propertyPath: m_LocalPosition.y
      value: 2.4
      objectReference: {fileID: 0}
    - target: {fileID: 6632430282932738629, guid: d48e13eee82c48641a3c36ccd9827204, type: 3}
      propertyPath: m_LocalPosition.z
      value: 0
      objectReference: {fileID: 0}
    - target: {fileID: 6632430282932738629, guid: d48e13eee82c48641a3c36ccd9827204, type: 3}
      propertyPath: m_LocalRotation.w
      value: 1
      objectReference: {fileID: 0}
    - target: {fileID: 6632430282932738629, guid: d48e13eee82c48641a3c36ccd9827204, type: 3}
      propertyPath: m_LocalRotation.x
      value: -0
      objectReference: {fileID: 0}
    - target: {fileID: 6632430282932738629, guid: d48e13eee82c48641a3c36ccd9827204, type: 3}
      propertyPath: m_LocalRotation.y
      value: -0
      objectReference: {fileID: 0}
    - target: {fileID: 6632430282932738629, guid: d48e13eee82c48641a3c36ccd9827204, type: 3}
      propertyPath: m_LocalRotation.z
      value: -0
      objectReference: {fileID: 0}
    - target: {fileID: 6632430282932738629, guid: d48e13eee82c48641a3c36ccd9827204, type: 3}
      propertyPath: m_LocalEulerAnglesHint.x
      value: 0
      objectReference: {fileID: 0}
    - target: {fileID: 6632430282932738629, guid: d48e13eee82c48641a3c36ccd9827204, type: 3}
      propertyPath: m_LocalEulerAnglesHint.y
      value: 0
      objectReference: {fileID: 0}
    - target: {fileID: 6632430282932738629, guid: d48e13eee82c48641a3c36ccd9827204, type: 3}
      propertyPath: m_LocalEulerAnglesHint.z
      value: 0
      objectReference: {fileID: 0}
    m_RemovedComponents: []
  m_SourcePrefab: {fileID: 100100000, guid: d48e13eee82c48641a3c36ccd9827204, type: 3}
--- !u!4 &894689947307930154 stripped
Transform:
  m_CorrespondingSourceObject: {fileID: 6632430282932738629, guid: d48e13eee82c48641a3c36ccd9827204, type: 3}
  m_PrefabInstance: {fileID: 5792108471610058863}
  m_PrefabAsset: {fileID: 0}
--- !u!1001 &5792108472307860012
PrefabInstance:
  m_ObjectHideFlags: 0
  serializedVersion: 2
  m_Modification:
    m_TransformParent: {fileID: 5118033948504426938}
    m_Modifications:
    - target: {fileID: 2783750884380626790, guid: d48e13eee82c48641a3c36ccd9827204, type: 3}
      propertyPath: m_Name
      value: FireBall (5)
      objectReference: {fileID: 0}
    - target: {fileID: 6632430282932738629, guid: d48e13eee82c48641a3c36ccd9827204, type: 3}
      propertyPath: m_RootOrder
      value: 5
      objectReference: {fileID: 0}
    - target: {fileID: 6632430282932738629, guid: d48e13eee82c48641a3c36ccd9827204, type: 3}
      propertyPath: m_LocalPosition.x
      value: 0
      objectReference: {fileID: 0}
    - target: {fileID: 6632430282932738629, guid: d48e13eee82c48641a3c36ccd9827204, type: 3}
      propertyPath: m_LocalPosition.y
      value: 1.2
      objectReference: {fileID: 0}
    - target: {fileID: 6632430282932738629, guid: d48e13eee82c48641a3c36ccd9827204, type: 3}
      propertyPath: m_LocalPosition.z
      value: 0
      objectReference: {fileID: 0}
    - target: {fileID: 6632430282932738629, guid: d48e13eee82c48641a3c36ccd9827204, type: 3}
      propertyPath: m_LocalRotation.w
      value: 1
      objectReference: {fileID: 0}
    - target: {fileID: 6632430282932738629, guid: d48e13eee82c48641a3c36ccd9827204, type: 3}
      propertyPath: m_LocalRotation.x
      value: -0
      objectReference: {fileID: 0}
    - target: {fileID: 6632430282932738629, guid: d48e13eee82c48641a3c36ccd9827204, type: 3}
      propertyPath: m_LocalRotation.y
      value: -0
      objectReference: {fileID: 0}
    - target: {fileID: 6632430282932738629, guid: d48e13eee82c48641a3c36ccd9827204, type: 3}
      propertyPath: m_LocalRotation.z
      value: -0
      objectReference: {fileID: 0}
    - target: {fileID: 6632430282932738629, guid: d48e13eee82c48641a3c36ccd9827204, type: 3}
      propertyPath: m_LocalEulerAnglesHint.x
      value: 0
      objectReference: {fileID: 0}
    - target: {fileID: 6632430282932738629, guid: d48e13eee82c48641a3c36ccd9827204, type: 3}
      propertyPath: m_LocalEulerAnglesHint.y
      value: 0
      objectReference: {fileID: 0}
    - target: {fileID: 6632430282932738629, guid: d48e13eee82c48641a3c36ccd9827204, type: 3}
      propertyPath: m_LocalEulerAnglesHint.z
      value: 0
      objectReference: {fileID: 0}
    m_RemovedComponents: []
  m_SourcePrefab: {fileID: 100100000, guid: d48e13eee82c48641a3c36ccd9827204, type: 3}
--- !u!4 &894689948086507625 stripped
Transform:
  m_CorrespondingSourceObject: {fileID: 6632430282932738629, guid: d48e13eee82c48641a3c36ccd9827204, type: 3}
  m_PrefabInstance: {fileID: 5792108472307860012}
  m_PrefabAsset: {fileID: 0}
--- !u!1001 &5792108472477868306
PrefabInstance:
  m_ObjectHideFlags: 0
  serializedVersion: 2
  m_Modification:
    m_TransformParent: {fileID: 5118033948504426938}
    m_Modifications:
    - target: {fileID: 2783750884380626790, guid: d48e13eee82c48641a3c36ccd9827204, type: 3}
      propertyPath: m_Name
      value: FireBall (3)
      objectReference: {fileID: 0}
    - target: {fileID: 6632430282932738629, guid: d48e13eee82c48641a3c36ccd9827204, type: 3}
      propertyPath: m_RootOrder
      value: 3
      objectReference: {fileID: 0}
    - target: {fileID: 6632430282932738629, guid: d48e13eee82c48641a3c36ccd9827204, type: 3}
      propertyPath: m_LocalPosition.x
      value: 1.4
      objectReference: {fileID: 0}
    - target: {fileID: 6632430282932738629, guid: d48e13eee82c48641a3c36ccd9827204, type: 3}
      propertyPath: m_LocalPosition.y
      value: 1.2
      objectReference: {fileID: 0}
    - target: {fileID: 6632430282932738629, guid: d48e13eee82c48641a3c36ccd9827204, type: 3}
      propertyPath: m_LocalPosition.z
      value: 0
      objectReference: {fileID: 0}
    - target: {fileID: 6632430282932738629, guid: d48e13eee82c48641a3c36ccd9827204, type: 3}
      propertyPath: m_LocalRotation.w
      value: 1
      objectReference: {fileID: 0}
    - target: {fileID: 6632430282932738629, guid: d48e13eee82c48641a3c36ccd9827204, type: 3}
      propertyPath: m_LocalRotation.x
      value: -0
      objectReference: {fileID: 0}
    - target: {fileID: 6632430282932738629, guid: d48e13eee82c48641a3c36ccd9827204, type: 3}
      propertyPath: m_LocalRotation.y
      value: -0
      objectReference: {fileID: 0}
    - target: {fileID: 6632430282932738629, guid: d48e13eee82c48641a3c36ccd9827204, type: 3}
      propertyPath: m_LocalRotation.z
      value: -0
      objectReference: {fileID: 0}
    - target: {fileID: 6632430282932738629, guid: d48e13eee82c48641a3c36ccd9827204, type: 3}
      propertyPath: m_LocalEulerAnglesHint.x
      value: 0
      objectReference: {fileID: 0}
    - target: {fileID: 6632430282932738629, guid: d48e13eee82c48641a3c36ccd9827204, type: 3}
      propertyPath: m_LocalEulerAnglesHint.y
      value: 0
      objectReference: {fileID: 0}
    - target: {fileID: 6632430282932738629, guid: d48e13eee82c48641a3c36ccd9827204, type: 3}
      propertyPath: m_LocalEulerAnglesHint.z
      value: 0
      objectReference: {fileID: 0}
    m_RemovedComponents: []
  m_SourcePrefab: {fileID: 100100000, guid: d48e13eee82c48641a3c36ccd9827204, type: 3}
--- !u!4 &894689946029079383 stripped
Transform:
  m_CorrespondingSourceObject: {fileID: 6632430282932738629, guid: d48e13eee82c48641a3c36ccd9827204, type: 3}
  m_PrefabInstance: {fileID: 5792108472477868306}
  m_PrefabAsset: {fileID: 0}
--- !u!1001 &5792108472882602366
PrefabInstance:
  m_ObjectHideFlags: 0
  serializedVersion: 2
  m_Modification:
    m_TransformParent: {fileID: 5118033948504426938}
    m_Modifications:
    - target: {fileID: 2783750884380626790, guid: d48e13eee82c48641a3c36ccd9827204, type: 3}
      propertyPath: m_Name
      value: FireBall (4)
      objectReference: {fileID: 0}
    - target: {fileID: 6632430282932738629, guid: d48e13eee82c48641a3c36ccd9827204, type: 3}
      propertyPath: m_RootOrder
      value: 4
      objectReference: {fileID: 0}
    - target: {fileID: 6632430282932738629, guid: d48e13eee82c48641a3c36ccd9827204, type: 3}
      propertyPath: m_LocalPosition.x
      value: -1.4
      objectReference: {fileID: 0}
    - target: {fileID: 6632430282932738629, guid: d48e13eee82c48641a3c36ccd9827204, type: 3}
      propertyPath: m_LocalPosition.y
      value: 1.2
      objectReference: {fileID: 0}
    - target: {fileID: 6632430282932738629, guid: d48e13eee82c48641a3c36ccd9827204, type: 3}
      propertyPath: m_LocalPosition.z
      value: 0
      objectReference: {fileID: 0}
    - target: {fileID: 6632430282932738629, guid: d48e13eee82c48641a3c36ccd9827204, type: 3}
      propertyPath: m_LocalRotation.w
      value: 1
      objectReference: {fileID: 0}
    - target: {fileID: 6632430282932738629, guid: d48e13eee82c48641a3c36ccd9827204, type: 3}
      propertyPath: m_LocalRotation.x
      value: -0
      objectReference: {fileID: 0}
    - target: {fileID: 6632430282932738629, guid: d48e13eee82c48641a3c36ccd9827204, type: 3}
      propertyPath: m_LocalRotation.y
      value: -0
      objectReference: {fileID: 0}
    - target: {fileID: 6632430282932738629, guid: d48e13eee82c48641a3c36ccd9827204, type: 3}
      propertyPath: m_LocalRotation.z
      value: -0
      objectReference: {fileID: 0}
    - target: {fileID: 6632430282932738629, guid: d48e13eee82c48641a3c36ccd9827204, type: 3}
      propertyPath: m_LocalEulerAnglesHint.x
      value: 0
      objectReference: {fileID: 0}
    - target: {fileID: 6632430282932738629, guid: d48e13eee82c48641a3c36ccd9827204, type: 3}
      propertyPath: m_LocalEulerAnglesHint.y
      value: 0
      objectReference: {fileID: 0}
    - target: {fileID: 6632430282932738629, guid: d48e13eee82c48641a3c36ccd9827204, type: 3}
      propertyPath: m_LocalEulerAnglesHint.z
      value: 0
      objectReference: {fileID: 0}
    m_RemovedComponents: []
  m_SourcePrefab: {fileID: 100100000, guid: d48e13eee82c48641a3c36ccd9827204, type: 3}
--- !u!4 &894689946429651771 stripped
Transform:
  m_CorrespondingSourceObject: {fileID: 6632430282932738629, guid: d48e13eee82c48641a3c36ccd9827204, type: 3}
  m_PrefabInstance: {fileID: 5792108472882602366}
  m_PrefabAsset: {fileID: 0}
--- !u!1001 &5792108472992241470
PrefabInstance:
  m_ObjectHideFlags: 0
  serializedVersion: 2
  m_Modification:
    m_TransformParent: {fileID: 5118033948504426938}
    m_Modifications:
    - target: {fileID: 2783750884380626790, guid: d48e13eee82c48641a3c36ccd9827204, type: 3}
      propertyPath: m_Name
      value: FireBall (7)
      objectReference: {fileID: 0}
    - target: {fileID: 6632430282932738629, guid: d48e13eee82c48641a3c36ccd9827204, type: 3}
      propertyPath: m_RootOrder
      value: 7
      objectReference: {fileID: 0}
    - target: {fileID: 6632430282932738629, guid: d48e13eee82c48641a3c36ccd9827204, type: 3}
      propertyPath: m_LocalPosition.x
      value: -1.4
      objectReference: {fileID: 0}
    - target: {fileID: 6632430282932738629, guid: d48e13eee82c48641a3c36ccd9827204, type: 3}
      propertyPath: m_LocalPosition.y
      value: 2.4
      objectReference: {fileID: 0}
    - target: {fileID: 6632430282932738629, guid: d48e13eee82c48641a3c36ccd9827204, type: 3}
      propertyPath: m_LocalPosition.z
      value: 0
      objectReference: {fileID: 0}
    - target: {fileID: 6632430282932738629, guid: d48e13eee82c48641a3c36ccd9827204, type: 3}
      propertyPath: m_LocalRotation.w
      value: 1
      objectReference: {fileID: 0}
    - target: {fileID: 6632430282932738629, guid: d48e13eee82c48641a3c36ccd9827204, type: 3}
      propertyPath: m_LocalRotation.x
      value: -0
      objectReference: {fileID: 0}
    - target: {fileID: 6632430282932738629, guid: d48e13eee82c48641a3c36ccd9827204, type: 3}
      propertyPath: m_LocalRotation.y
      value: -0
      objectReference: {fileID: 0}
    - target: {fileID: 6632430282932738629, guid: d48e13eee82c48641a3c36ccd9827204, type: 3}
      propertyPath: m_LocalRotation.z
      value: -0
      objectReference: {fileID: 0}
    - target: {fileID: 6632430282932738629, guid: d48e13eee82c48641a3c36ccd9827204, type: 3}
      propertyPath: m_LocalEulerAnglesHint.x
      value: 0
      objectReference: {fileID: 0}
    - target: {fileID: 6632430282932738629, guid: d48e13eee82c48641a3c36ccd9827204, type: 3}
      propertyPath: m_LocalEulerAnglesHint.y
      value: 0
      objectReference: {fileID: 0}
    - target: {fileID: 6632430282932738629, guid: d48e13eee82c48641a3c36ccd9827204, type: 3}
      propertyPath: m_LocalEulerAnglesHint.z
      value: 0
      objectReference: {fileID: 0}
    m_RemovedComponents: []
  m_SourcePrefab: {fileID: 100100000, guid: d48e13eee82c48641a3c36ccd9827204, type: 3}
--- !u!4 &894689946588433787 stripped
Transform:
  m_CorrespondingSourceObject: {fileID: 6632430282932738629, guid: d48e13eee82c48641a3c36ccd9827204, type: 3}
  m_PrefabInstance: {fileID: 5792108472992241470}
  m_PrefabAsset: {fileID: 0}
--- !u!1001 &5792108473292329396
PrefabInstance:
  m_ObjectHideFlags: 0
  serializedVersion: 2
  m_Modification:
    m_TransformParent: {fileID: 5118033948504426938}
    m_Modifications:
    - target: {fileID: 2783750884380626790, guid: d48e13eee82c48641a3c36ccd9827204, type: 3}
      propertyPath: m_Name
      value: FireBall (6)
      objectReference: {fileID: 0}
    - target: {fileID: 6632430282932738629, guid: d48e13eee82c48641a3c36ccd9827204, type: 3}
      propertyPath: m_RootOrder
      value: 6
      objectReference: {fileID: 0}
    - target: {fileID: 6632430282932738629, guid: d48e13eee82c48641a3c36ccd9827204, type: 3}
      propertyPath: m_LocalPosition.x
      value: 1.4
      objectReference: {fileID: 0}
    - target: {fileID: 6632430282932738629, guid: d48e13eee82c48641a3c36ccd9827204, type: 3}
      propertyPath: m_LocalPosition.y
      value: 2.4
      objectReference: {fileID: 0}
    - target: {fileID: 6632430282932738629, guid: d48e13eee82c48641a3c36ccd9827204, type: 3}
      propertyPath: m_LocalPosition.z
      value: 0
      objectReference: {fileID: 0}
    - target: {fileID: 6632430282932738629, guid: d48e13eee82c48641a3c36ccd9827204, type: 3}
      propertyPath: m_LocalRotation.w
      value: 1
      objectReference: {fileID: 0}
    - target: {fileID: 6632430282932738629, guid: d48e13eee82c48641a3c36ccd9827204, type: 3}
      propertyPath: m_LocalRotation.x
      value: -0
      objectReference: {fileID: 0}
    - target: {fileID: 6632430282932738629, guid: d48e13eee82c48641a3c36ccd9827204, type: 3}
      propertyPath: m_LocalRotation.y
      value: -0
      objectReference: {fileID: 0}
    - target: {fileID: 6632430282932738629, guid: d48e13eee82c48641a3c36ccd9827204, type: 3}
      propertyPath: m_LocalRotation.z
      value: -0
      objectReference: {fileID: 0}
    - target: {fileID: 6632430282932738629, guid: d48e13eee82c48641a3c36ccd9827204, type: 3}
      propertyPath: m_LocalEulerAnglesHint.x
      value: 0
      objectReference: {fileID: 0}
    - target: {fileID: 6632430282932738629, guid: d48e13eee82c48641a3c36ccd9827204, type: 3}
      propertyPath: m_LocalEulerAnglesHint.y
      value: 0
      objectReference: {fileID: 0}
    - target: {fileID: 6632430282932738629, guid: d48e13eee82c48641a3c36ccd9827204, type: 3}
      propertyPath: m_LocalEulerAnglesHint.z
      value: 0
      objectReference: {fileID: 0}
    m_RemovedComponents: []
  m_SourcePrefab: {fileID: 100100000, guid: d48e13eee82c48641a3c36ccd9827204, type: 3}
--- !u!4 &894689946825214961 stripped
Transform:
  m_CorrespondingSourceObject: {fileID: 6632430282932738629, guid: d48e13eee82c48641a3c36ccd9827204, type: 3}
  m_PrefabInstance: {fileID: 5792108473292329396}
  m_PrefabAsset: {fileID: 0}
--- !u!1001 &5882547337084633423
PrefabInstance:
  m_ObjectHideFlags: 0
  serializedVersion: 2
  m_Modification:
    m_TransformParent: {fileID: 5118033948504426938}
    m_Modifications:
    - target: {fileID: 2783750884380626790, guid: d48e13eee82c48641a3c36ccd9827204, type: 3}
      propertyPath: m_Name
      value: FireBall
      objectReference: {fileID: 0}
    - target: {fileID: 6632430282932738629, guid: d48e13eee82c48641a3c36ccd9827204, type: 3}
      propertyPath: m_RootOrder
      value: 0
      objectReference: {fileID: 0}
    - target: {fileID: 6632430282932738629, guid: d48e13eee82c48641a3c36ccd9827204, type: 3}
      propertyPath: m_LocalPosition.x
      value: 0
      objectReference: {fileID: 0}
    - target: {fileID: 6632430282932738629, guid: d48e13eee82c48641a3c36ccd9827204, type: 3}
      propertyPath: m_LocalPosition.y
      value: 0
      objectReference: {fileID: 0}
    - target: {fileID: 6632430282932738629, guid: d48e13eee82c48641a3c36ccd9827204, type: 3}
      propertyPath: m_LocalPosition.z
      value: 0
      objectReference: {fileID: 0}
    - target: {fileID: 6632430282932738629, guid: d48e13eee82c48641a3c36ccd9827204, type: 3}
      propertyPath: m_LocalRotation.w
      value: 1
      objectReference: {fileID: 0}
    - target: {fileID: 6632430282932738629, guid: d48e13eee82c48641a3c36ccd9827204, type: 3}
      propertyPath: m_LocalRotation.x
      value: -0
      objectReference: {fileID: 0}
    - target: {fileID: 6632430282932738629, guid: d48e13eee82c48641a3c36ccd9827204, type: 3}
      propertyPath: m_LocalRotation.y
      value: -0
      objectReference: {fileID: 0}
    - target: {fileID: 6632430282932738629, guid: d48e13eee82c48641a3c36ccd9827204, type: 3}
      propertyPath: m_LocalRotation.z
      value: -0
      objectReference: {fileID: 0}
    - target: {fileID: 6632430282932738629, guid: d48e13eee82c48641a3c36ccd9827204, type: 3}
      propertyPath: m_LocalEulerAnglesHint.x
      value: 0
      objectReference: {fileID: 0}
    - target: {fileID: 6632430282932738629, guid: d48e13eee82c48641a3c36ccd9827204, type: 3}
      propertyPath: m_LocalEulerAnglesHint.y
      value: 0
      objectReference: {fileID: 0}
    - target: {fileID: 6632430282932738629, guid: d48e13eee82c48641a3c36ccd9827204, type: 3}
      propertyPath: m_LocalEulerAnglesHint.z
      value: 0
      objectReference: {fileID: 0}
    m_RemovedComponents: []
  m_SourcePrefab: {fileID: 100100000, guid: d48e13eee82c48641a3c36ccd9827204, type: 3}
--- !u!4 &984073425551514378 stripped
Transform:
  m_CorrespondingSourceObject: {fileID: 6632430282932738629, guid: d48e13eee82c48641a3c36ccd9827204, type: 3}
  m_PrefabInstance: {fileID: 5882547337084633423}
  m_PrefabAsset: {fileID: 0}
